 Dungeon Crawl Stone Soup version 0.20-a0-217-g17e8ceb (webtiles) character file.

2392 kuniqs the Covert (level 9, 39/39 HPs)
             Began as a Spriggan Conjurer on Nov 28, 2016.
             Was an Initiate of Ashenzari.
             Quit the game in the Ecumenical Temple.
             The game lasted 00:24:42 (8125 turns).

kuniqs the Covert (Spriggan Conjurer)               Turns: 8125, Time: 00:24:43

Health: 39/39      AC:  2    Str:  4    XL:     9   Next: 22%
Magic:  22/22      EV: 24    Int: 20    God:    Ashenzari [......]
Gold:   340        SH:  0    Dex: 16    Spells: 5/24 levels left

rFire  . . .     SeeInvis +     c - +0 dagger
rCold  + . .     Gourm    .     a - +0 robe
rNeg   . . .     Faith    .     (shield restricted)
rPois  .         Spirit   .     (helmet restricted)
rElec  .         Reflect  .     (no cloak)
rCorr  .         Harm     .     (gloves unavailable)
MR     ++...     Rnd*Tele +     (boots unavailable)
Stlth  ++++......               (no amulet)
                                s - ring of protection from cold
                                y - ring of teleportation (curse)

@: very quick
A: unfitting armour, see invisible, herbivore 3, speed 3, magic resistance 1,
slow metabolism 2
a: Curse Item, Renounce Religion


You were in the Ecumenical Temple.
You worshipped Ashenzari.
Ashenzari was noncommittal.
You were completely stuffed.

You visited 2 branches of the dungeon, and saw 9 of its levels.
You also visited: Ossuary.

You collected 340 gold pieces.

Inventory:

Hand Weapons
 c - a +0 dagger (weapon)
 m - the +1 trident of a wizard's laboratory {pierce, Int+2}
   (You found it on level 6 of the Dungeon)

   It inflicts extra damage upon your enemies.
   It affects your intelligence (+2).
Missiles
 w - 2 throwing nets (quivered)
Armour
 a - a +0 robe (worn)
Jewellery
 j - an uncursed ring of resist corrosion
 s - a ring of protection from cold (right hand)
 y - a cursed ring of teleportation (left hand)
Wands
 q - a wand of paralysis (17/24)
Scrolls
 e - 2 scrolls of noise
 h - a scroll of enchant armour {unknown}
 k - 7 scrolls of amnesia
 l - a scroll of fog
 o - a scroll of fear {unknown}
 p - a scroll of enchant weapon {unknown}
 t - 2 scrolls of teleportation
 x - a scroll of blinking {unknown}
Potions
 f - 3 potions of curing {@q1}
 g - 2 potions of lignification
 i - 3 potions of flight
 n - 2 potions of ambrosia
 r - a potion of cure mutation
 u - a potion of cancellation
 v - a potion of heal wounds
 z - a potion of berserk rage
 A - a potion of degeneration {unknown}
Books
 b - a book of Conjurations

   Spells                             Type                      Level
   a - Magic Dart                     Conjuration                  1
   b - Searing Ray                    Conjuration                  2
   c - Dazzling Spray                 Conjuration/Hexes            3
   d - Fulminant Prism                Conjuration/Hexes            4
   e - Iskenderun's Mystic Blast      Conjuration                  4
   f - Iskenderun's Battlesphere      Conjuration/Charms           5
Comestibles
 d - 6 bread rations


   Skills:
 + Level 5.9 Short Blades
 + Level 9.0 Dodging
 + Level 9.5 Stealth
 + Level 8.2 Spellcasting
 - Level 4.0 Conjurations


You had 5 spell levels left.
You knew the following spells:

 Your Spells              Type           Power        Failure   Level  Hunger
a - Magic Dart            Conj           ###.         1%          1    None
b - Searing Ray           Conj           ###...       2%          2    None
c - Dazzling Spray        Conj/Hex       ###...       12%         3    None
d - Fulminant Prism       Conj/Hex       ###.......   38%         4    ###....
e - Iskenderun's Mystic   Conj           ###.....     17%         4    ###....
f - Iskenderun's Battles  Conj/Chrm      ###.....     89%         5    #####..


Dungeon Overview and Level Annotations

Branches:
Dungeon (8/15)             Temple (1/1) D:7
   Lair: D:8-11

Altars:
Ashenzari
Cheibriados
Dithmenos
Elyvilon
Gozag
Hepliaklqana
Makhleb
Nemelex Xobeh
Okawaru
Qazlal
Ru
Sif Muna
Trog
Uskayaw
Vehumet
Xom
Zin
The Shining One

Shops:
D:5 [

Annotations:
D:3 WereVolvo's ghost, amateur DECj


Innate Abilities, Weirdness & Mutations

You are very small and have problems with some larger weapons.
You are too small for most types of armour.
You have supernaturally acute eyesight. (SInv)
You are a herbivore.
You cover ground extremely quickly.
You need consume almost no food.
You are resistant to hostile enchantments. (MR+)


Message History

There is a hazy altar of Hepliaklqana here.
Found a radiant altar of Vehumet.
Found a glowing golden altar of the Shining One.
Found a shimmering altar of Xom.
Found an opulent altar of Gozag.
Found an iron altar of Okawaru.
Found a shadowy altar of Dithmenos.
Found a snail-covered altar of Cheibriados.
Found a hide-covered altar of Uskayaw.
Found a deep blue altar of Sif Muna.
Found a shattered altar of Ashenzari.
There is a shattered altar of Ashenzari here.
A shattered altar of Ashenzari.
There is a shattered altar of Ashenzari here.
You kneel at the altar of Ashenzari.
Ashenzari welcomes you!
You can now curse your items.
Unknown command.
Press < or > to pray at altars.
Okay, then.

##### ## ## ###
#...# #...# ..
#.@.# ._.# ._
#...## #...# #.
####.##.#.#.##.
##..##.##..#
##.###.###.## #
####.#.##.##.#.####
#.
#...##.##.##.##...#
#._ #._.#
#.#.#.###._.# ..
##...##
#...####...#


There were no monsters in sight!

Vanquished Creatures
  Pikel (D:7)
  Grinder (D:5)
  A sky beast (D:6)
  3 ogres
  3 phantoms
  A big kobold (D:7)
  2 bullfrogs
  4 scorpions
  A howler monkey (D:4)
  A bullfrog zombie (D:5)
  3 hounds
  An orc priest (D:5)
  2 jellies
  An iguana (D:7)
  3 orc wizards
  6 worker ants
  3 mummies (Ossuary)
  6 adders
  A shadow imp (D:5)
  2 adder skeletons (D:4)
  5 adder zombies
  4 worms
  6 dart slugs
  3 leopard geckos
  9 orcs
  A ball python (D:6)
  2 giant cockroaches
  A gnoll zombie (Ossuary)
  9 goblins
  6 hobgoblins
  19 jackals
  4 kobolds (D:7)
  5 quokkas
  A ball python zombie (D:7)
  9 bats
  6 frilled lizards
  A giant cockroach zombie (D:5)
  2 goblin zombies (Ossuary)
  2 hobgoblin zombies (Ossuary)
  A jackal skeleton (D:5)
  2 kobold zombies (Ossuary)
  2 quokka skeletons
  4 quokka zombies (Ossuary)
  6 rats
  3 rat zombies (Ossuary)
159 creatures vanquished.

Vanquished Creatures (others)
  A slave (D:7)
  2 jackals (D:7)
3 creatures vanquished.

Grand Total: 162 creatures vanquished

Notes
Turn   | Place    | Note
-------+----------+-------------------------------------------
     0 | D:1      | kuniqs the Spriggan Conjurer began the quest for the Orb.
     0 | D:1      | Reached XP level 1. HP: 9/9 MP: 5/5
   310 | D:1      | Reached XP level 2. HP: 13/13 MP: 2/7
   332 | D:1      | Learned a level 2 spell: Searing Ray
  1115 | D:1      | Reached XP level 3. HP: 14/16 MP: 4/8
  1126 | D:1      | Learned a level 3 spell: Dazzling Spray
  2121 | D:3      | Reached XP level 4. HP: 21/21 MP: 7/10
  2127 | D:3      | Learned a level 4 spell: Fulminant Prism
  2686 | D:5      | Entered Level 5 of the Dungeon
  2686 | D:5      | Found Daibakle's Armour Shop.
  2726 | D:3      | Reached XP level 5. HP: 15/24 MP: 5/12
  2895 | D:3      | Noticed WereVolvo's ghost (amateur DECj)
  3507 | D:4      | Noticed an ogre
  3518 | D:4      | Killed an ogre
  3518 | D:4      | Reached skill level 1 in Short Blades
  3518 | D:4      | Reached XP level 6. HP: 28/28 MP: 4/14
  3615 | D:4      | Reached skill level 5 in Spellcasting
  3807 | D:4      | Reached skill level 5 in Dodging
  3807 | D:4      | Reached skill level 5 in Stealth
  4078 | D:4      | Reached XP level 7. HP: 32/32 MP: 8/16
  4246 | D:4      | Gained mutation: You are resistant to hostile enchantments. (MR+) [potion of beneficial mutation]
  4662 | D:6      | Got a warped trident
  4663 | D:6      | Identified the cursed +1 trident of a wizard's laboratory {pierce, Int+2} (You found it on level 6 of the Dungeon)
  5106 | D:6      | Found a sand-covered staircase.
  5113 | Ossuary  | Entered an ossuary
  5285 | Ossuary  | Reached XP level 8. HP: 36/36 MP: 6/18
  5365 | Ossuary  | Learned a level 4 spell: Iskenderun's Mystic Blast
  5371 | Ossuary  | Learned a level 5 spell: Iskenderun's Battlesphere
  6329 | D:5      | Noticed Grinder
  6345 | D:5      | Killed Grinder
  6982 | D:6      | Reached skill level 5 in Short Blades
  7332 | D:7      | Noticed Pikel
  7373 | D:7      | Killed Pikel
  7373 | D:7      | Reached XP level 9. HP: 36/39 MP: 5/21
  7996 | D:7      | Found a staircase to the Ecumenical Temple.
  8005 | Temple   | Entered the Ecumenical Temple
  8124 | Temple   | Became a worshipper of Ashenzari the Shackled
  8125 | Temple   | Quit the game

Vault maps used:
D:1:      minmay_arrival_solitary_statue, serial_bayou_ford_a, nrook_uturn,
          supply_closet_lemuel
D:5:      first_bread, serial_shops, shop, uniq_grinder
D:6:      chequers_ossuary_entry_cave
D:7:      lemuel_zombie_altar_kikubaaqudgha, grunt_ogre_cave, tgw_trog,
          uniq_pikel
D:8:      serial_shops, shop, shop, nicolae_shop_overgrown_old_shop, shop
Temple:   eino_narrow_crystal_temple
Ossuary:  ossuary_minmay_chase

Skill      XL: |  1  2  3  4  5  6  7  8  9 |
---------------+----------------------------+-----
Conjurations   | 3 4 |  4.0
Spellcasting   | 3 4 5 6 7 8 |  8.2
Dodging        | 4 5 6 8 9 |  9.0
Short Blades   | 1 2 3 5 |  5.9
Stealth        | 4 5 6 9 |  9.5

Action                   |  1- 3 |  4- 6 |  7- 9 || total
-------------------------+-------+-------+-------++-------
Melee: Unarmed           |     4 |       |       ||     4
       Dagger            |    22 |       |    12 ||    34
       Trident           |       |       |    12 ||    12
 Cast: Magic Dart        |    76 |    78 |   144 ||   298
       Searing Ray       |     5 |    13 |    34 ||    52
       Dazzling Spray    |       |     2 |     8 ||    10
Evoke: Wand              |       |       |     4 ||     4
  Use: Scroll            |       |     1 |    16 ||    17
       Potion            |       |       |     4 ||     4
 Stab: Sleeping          |     1 |       |     5 ||     6
       Paralysed         |       |       |     2 ||     2
       Invisible         |       |       |     1 ||     1
  Eat: Pizza             |       |     1 |       ||     1
       Bread ration      |       |       |     2 ||     2
Armor: Robe              |     4 |     2 |     2 ||     8
Dodge: Dodged            |    34 |    13 |    54 ||   101
